 Dungeon Crawl Stone Soup version 0.30.0-10-gfe55d96785 (webtiles) character file.

Game seed: 15509651787978818406

37 dolemite99 the Ruffian (level 3, -7/36 HPs)
             Began as a Troll Monk on May 13, 2023.
             Was an Initiate of Yredelemnul.
             Mangled by a gnoll
             ... wielding a +0 flail
              (13 damage)
             ... on level 4 of the Dungeon.
             The game lasted 00:01:24 (337 turns).

dolemite99 the Ruffian (Troll Monk)                  Turns: 337, Time: 00:01:24

Health: -7/36      AC:  4    Str: 21    XL:     3   Next: 23%
Magic:  2/2        EV: 10    Int:  6    God:    Yredelemnul [......]
Gold:   34         SH:  0    Dex: 12    Spells: 2/2 levels left

rFire   . .          .
                       - Unarmed
rCold   . . .        c - orb {light}
rNeg    . . .        a - +0 robe
rPois   .            (helmet restricted)
rElec   .            (no cloak)
rCorr   .            (gloves unavailable)
SInv    .            (boots unavailable)
Will    .....        (no amulet)
Stlth   +            (no ring)
HPRegen 1.06/turn    (no ring)
MPRegen 0.08/turn

%: no passive effects
@: glowing
A: large, unfitting armour, claws 3, regeneration 1, shaggy fur 1, tough skin 1
a: Renounce Religion, Recall Undead Harvest


You were on level 4 of the Dungeon.
You worshipped Yredelemnul.
Yredelemnul was noncommittal.
You visited 2 branches of the dungeon, and saw 5 of its levels.

You collected 34 gold pieces.

Inventory:

Hand Weapons
 f - a +0 sling
Armour
 a - a +0 robe (worn)
 c - an orb of light (worn)
Scrolls
 e - a scroll of immolation
Potions
 b - a potion of ambrosia


   Skills:
 - Level 2.4 Fighting
 - Level 2.4 Dodging
 + Level 4.4 Unarmed Combat


You had 2 spell levels left.
You didn't know any spells.
Your spell library was empty.

Dungeon Overview and Level Annotations

Branches:
Dungeon (4/15)             Temple (1/1) D:4

Altars:
Makhleb
Yredelemnul


Innate Abilities, Weirdness & Mutations

You are too large for most types of armour.
You have claws for hands.
Your natural rate of healing is unusually fast.
You are covered in fur. (AC +1)
You have tough skin. (AC +1)


Message History

You see here a +0 club. 2 gnolls come into view.
The gnoll shouts!
You hear a shout! x2
A gnoll comes into view. It is wielding a +0 flail.
There are monsters nearby!
You scratch the gnoll.
The gnoll is lightly wounded.
The gnoll hits you with a +0 flail!
You are too injured to fight recklessly!
You are too injured to fight recklessly!
You are too injured to fight recklessly!
You are too injured to fight recklessly!
The gnoll hits your ball python zombie with a +0 whip!
Your ball python zombie is destroyed!
The gnoll attacks as you move away! The gnoll closely misses you.
The gnoll attacks as you move away! The gnoll hits you with a +0 flail.
You see here a +0 club.
The gnoll attacks as you move away! The gnoll closely misses you.
The gnoll hits you with a +0 flail. The gnoll attacks as you move away!
The gnoll hits you but does no damage. The gnoll attacks as you move away!
The gnoll hits you but does no damage. The gnoll attacks as you move away!
The gnoll hits you with a +0 flail! The gnoll attacks as you move away!
The gnoll hits you with a +0 flail!
As you read the scroll labelled AMIOTEIRAK, it crumbles to dust.
It is a scroll of identify.
e - a scroll of immolation The gnoll barely misses you.
Okay, then.
The gnoll attacks as you move away! The gnoll barely misses you.
The gnoll hits you with a +0 flail. The gnoll attacks as you move away!
The gnoll hits you with a +0 flail. The gnoll attacks as you move away!
The gnoll hits you with a +0 flail.
* * * LOW HITPOINT WARNING * * *
The gnoll attacks as you move away! The gnoll barely misses you.
The gnoll attacks as you move away! The gnoll barely misses you.
The gnoll attacks as you move away! The gnoll hits you with a +0 flail!
* * * LOW HITPOINT WARNING * * *
The gnoll hits you with a +0 flail!
You die...
Your body rises from the dead as a mindless zombie.

#.............#.#.#.....#
#..............#.#......#
#.......................#
#..............#..+##..#######
######...........#.##..###...#
#...g.......#......'....#
#...........'>.....#....#
#.....gg....#......#....#
######.......@...#############
#..........######.......#
#..........# #.......#
#..........# #.......#
#..........# #.......#
#..........# #.......#
#.....#'#### #.......#
#.....#....# #........
#.....#....# #........


You could see 3 gnolls.

Vanquished Creatures
  An adder (D:2)
  A ball python (D:4)
  An endoplasm (D:4)
  A giant cockroach (D:1)
  2 goblins (D:1)
  A hobgoblin (D:1)
  2 jackals (D:1)
  A kobold (D:1)
  2 quokkas (D:1)
  2 bats
  A frilled lizard (D:3)
15 creatures vanquished.

Vanquished Creatures (collateral kills)
  A gnoll (D:4)
1 creature vanquished.

Vanquished Creatures (others)
  A ball python zombie (D:4)
1 creature vanquished.

Grand Total: 17 creatures vanquished

Notes
Turn   | Place    | Note
-------+----------+-------------------------------------------
     0 | D:1      | dolemite99 the Troll Monk began the quest for the Orb.
     0 | D:1      | Reached XP level 1. HP: 22/22 MP: 0/0
    67 | D:1      | Reached XP level 2. HP: 29/29 MP: 1/1
   107 | D:2      | Reached skill level 4 in Unarmed Combat
   112 | D:3      | Found a faded altar of an unknown god.
   134 | D:3      | Prayed at the altar of an unknown god.
   134 | D:3      | Became a worshipper of Yredelemnul the Dark
   134 | D:3      | Reached * piety under Yredelemnul
   134 | D:3      | Reached ** piety under Yredelemnul
   153 | D:4      | Found a staircase to the Ecumenical Temple.
   163 | Temple   | Entered the Ecumenical Temple
   299 | D:4      | Reached XP level 3. HP: 32/36 MP: 2/2
   337 | D:4      | Mangled by a gnoll

Illustrated notes

Levels and vault maps discovered:
D:1:      grunt_arrival_crossed_arrows, layout_basic
D:2:      layout_basic
D:3:      layout_basic, lemuel_coloured_pillars_altar,
          mainiacjoe_overflow_cross_hatched, ebering_ecumenical_altar_rust,
          minmay_ruptured, uniq_robin, uniq_natasha
D:4:      wad_pebble_path, layout_gridville, minmay_temple_entry_grid,
          enter_ossuary_1
Temple:   regret_index_temple_waves

Skill      XL: |  1  2 |
---------------+-------+-----
Unarmed Combat | 4 |  4.4
Fighting       | |  2.4
Dodging        | |  2.4

Action                     || total
---------------------------++-------
  Melee: Unarmed           ||    39
    Use: Scroll            ||     1
 Armour: Robe              ||    14
  Dodge: Dodged            ||    30
